BSA
PHILADELPHIA ATHLETICS @ NEW YORK KNIGHTS
07/16/2029
 
TOP OF THE 1ST
Philadelphia Athletics batting - Pitching for New York Knights : LHP Leo Huggins
Pitching: LHP Leo Huggins
Batting: RHB César García 0-0: Called Strike
0-1: Swinging Strike
0-2: Strikes out swinging
Batting: LHB Robinson Fernández 0-0: Ball
1-0: Called Strike
1-1: Swinging Strike
1-2: Strikes out swinging
Batting: RHB Tomás Estrada 0-0: Ball
1-0: SINGLE (Line Drive, 6MD)
Batting: RHB Anastasio Villa 0-0: Swinging Strike
0-1: Foul Ball, location: 2F
0-2: Ball
1-2: Ball
2-2: Foul Ball, location: 2F
2-2: SINGLE (Groundball, 6S) (infield hit)
Tomás Estrada to second
Batting: LHB Arturo Molina 0-0: Foul Ball, location: 2F
0-1: Foul Ball, location: 2F
0-2: Foul Ball, location: 2F
0-2: Ball
1-2: Foul Ball, location: 2F
1-2: Ball
2-2: Foul Ball, location: 2F
2-2: Strikes out looking
Top of the 1st over - 0 runs, 2 hits, 0 errors, 2 left on base; Philadelphia 0 - New York 0
BOTTOM OF THE 1ST
New York Knights batting - Pitching for Philadelphia Athletics : RHP George Nelson
Pitching: RHP George Nelson
Batting: LHB Mike Harris 0-0: Ball
1-0: Foul Ball, location: 2F
1-1: Foul Ball, location: 2F
1-2: Ball
2-2: Foul Ball, location: 2F
2-2: Ball
3-2: Base on Balls
Batting: RHB Pepe Carrasco 0-0: Ball
1-0: Ball
2-0: Foul Ball, location: 2F
2-1: Fielders Choice at 2nd, 4-6 (Groundball, 34)
Batting: RHB Lonnie Anderson 0-0: Ball
1-0: Called Strike
1-1: Swinging Strike
1-2: Foul Ball, location: 2F
1-2: Foul Ball, location: 2F
1-2: Foul Ball, location: 2F
1-2: SINGLE (Line Drive, 89M)
Pepe Carrasco to second
Batting: RHB Vic Langlois 0-0: 3-RUN HOME RUN (Flyball, 7D), Distance : 383 ft
Batting: LHB Warren Potter 0-0: Ball
1-0: Foul Ball, location: 2F
1-1: Fly out, F8 (Flyball, 78M)
Batting: SHB Marvin Harris 0-0: Ball
1-0: Ball
2-0: Ground out 6-3 (Groundball, 6)
Bottom of the 1st over - 3 runs, 2 hits, 0 errors, 0 left on base; Philadelphia 0 - New York 3
TOP OF THE 2ND
Philadelphia Athletics batting - Pitching for New York Knights : LHP Leo Huggins
Batting: RHB Eric Neal 0-0: Ball
1-0: Called Strike
1-1: SINGLE (Groundball, 6MD)
Batting: RHB Troy Lau 0-0: Ball
1-0: Ground out 5-3 (Groundball, 56S)
Eric Neal to second
Batting: SHB Héctor Padilla 0-0: Called Strike
0-1: Called Strike
0-2: Ball
1-2: Ground out 5-3 (Groundball, 5)
Batting: LHB Yasuhiko Onodera 0-0: Fly out, F8 (Flyball, 8RM)
Top of the 2nd over - 0 runs, 1 hit, 0 errors, 1 left on base; Philadelphia 0 - New York 3
BOTTOM OF THE 2ND
New York Knights batting - Pitching for Philadelphia Athletics : RHP George Nelson
Batting: RHB Felipe Rodríguez 0-0: Ball
1-0: Called Strike
1-1: Called Strike
1-2: Strikes out swinging
Batting: RHB Jacob Pope 0-0: Swinging Strike
0-1: Swinging Strike
0-2: Foul Ball, location: 2F
0-2: Ball
1-2: Fly out, F9 (Line Drive, 89D)
Batting: LHB Keith Green 0-0: Ball
1-0: Ball
2-0: Swinging Strike
2-1: Foul Ball, location: 2F
2-2: Fly out, F8 (Flyball, 78XD)
Bottom of the 2nd over - 0 runs, 0 hits, 0 errors, 0 left on base; Philadelphia 0 - New York 3
TOP OF THE 3RD
Philadelphia Athletics batting - Pitching for New York Knights : LHP Leo Huggins
Batting: RHB César García 0-0: Called Strike
0-1: Ball
1-1: Ball
2-1: Foul Ball, location: 2F
2-2: Foul Ball, location: 2F
2-2: Foul Ball, location: 2F
2-2: Ball
3-2: Foul Ball, location: 2F
3-2: Foul Ball, location: 2F
3-2: Base on Balls
Batting: LHB Robinson Fernández 0-0: Ball
1-0: Called Strike
1-1: Ball
2-1: Ground out 4-3 (Groundball, 34D)
César García to second
Batting: RHB Tomás Estrada 0-0: Called Strike
César García steals 3rd base
0-1: Called Strike
0-2: Foul Ball, location: 2F
0-2: Ground out 6-3 (Groundball, 6)
César García scores
Batting: RHB Anastasio Villa 0-0: Ball
1-0: Called Strike
1-1: Called Strike
1-2: Strikes out swinging
Top of the 3rd over - 1 run, 0 hits, 0 errors, 0 left on base; Philadelphia 1 - New York 3
BOTTOM OF THE 3RD
New York Knights batting - Pitching for Philadelphia Athletics : RHP George Nelson
Batting: LHB Mike Harris 0-0: Fly out, F9 (Flyball, 9LS)
Batting: RHB Pepe Carrasco 0-0: Called Strike
0-1: Swinging Strike
0-2: Ground out U3 (Groundball, 3D)
Batting: RHB Lonnie Anderson 0-0: Ball
1-0: DOUBLE (Groundball, 5L)
Batting: RHB Vic Langlois 0-0: Called Strike
0-1: Foul Ball, location: 2F
0-2: Ball
1-2: Ball
2-2: Ball
3-2: Foul Ball, location: 2F
3-2: Base on Balls
Batting: LHB Warren Potter 0-0: Fielders Choice at 2nd, 6-4 (Groundball, 6)
Bottom of the 3rd over - 0 runs, 1 hit, 0 errors, 2 left on base; Philadelphia 1 - New York 3
TOP OF THE 4TH
Philadelphia Athletics batting - Pitching for New York Knights : LHP Leo Huggins
Batting: LHB Arturo Molina 0-0: Ball
1-0: Foul Ball, location: 2F
1-1: Foul Ball, location: 2F
1-2: Fly out, F7 (Flyball, 7D)
Batting: RHB Eric Neal 0-0: SINGLE (Groundball, 6MD)
Batting: RHB Troy Lau 0-0: Ball
1-0: Fly out, F7 (Flyball, 78M)
Batting: SHB Héctor Padilla 0-0: Ball
1-0: Ball
2-0: DOUBLE (Line Drive, 7LD)
Eric Neal to third
Runner from 3rd tries for Home, SAFE, no throw
Batting: LHB Yasuhiko Onodera 0-0: Foul Ball, location: 2F
0-1: Ball
1-1: Ball
2-1: Foul Ball, location: 2F
2-2: Strikes out swinging
Top of the 4th over - 1 run, 2 hits, 0 errors, 1 left on base; Philadelphia 2 - New York 3
BOTTOM OF THE 4TH
New York Knights batting - Pitching for Philadelphia Athletics : RHP George Nelson
Batting: SHB Marvin Harris 0-0: Ball
1-0: Ball
2-0: Ball
3-0: Base on Balls
Batting: RHB Felipe Rodríguez 0-0: Fly out, F7 (Flyball, 7LS)
Batting: RHB Jacob Pope 0-0: Called Strike
0-1: Ball
1-1: Foul Ball, location: 2F
1-2: Strikes out swinging
Batting: LHB Keith Green 0-0: Ball
1-0: Called Strike
1-1: Swinging Strike
1-2: Reached on error, E6 (Groundball, 6)
Marvin Harris to second
Batting: LHB Mike Harris 0-0: 3-RUN HOME RUN (Flyball, 8RXD), Distance : 428 ft
Batting: RHB Pepe Carrasco 0-0: Called Strike
0-1: Foul Ball, location: 2F
0-2: Ball
1-2: Strikes out swinging
Bottom of the 4th over - 3 runs, 1 hit, 1 error, 0 left on base; Philadelphia 2 - New York 6
TOP OF THE 5TH
Philadelphia Athletics batting - Pitching for New York Knights : LHP Leo Huggins
Batting: RHB César García 0-0: Foul Ball, location: 2F
0-1: Ball
1-1: Foul Ball, location: 2F
1-2: Ball
2-2: Ball
3-2: Base on Balls
Batting: LHB Robinson Fernández 0-0: Called Strike
0-1: Ball
César García steals 2nd base
1-1: Called Strike
1-2: Foul Ball, location: 2F
1-2: Ball
2-2: Ball
3-2: Foul Ball, location: 2F
3-2: Foul Ball, location: 2F
3-2: Strikes out looking
Pitching: RHP Fernando Valdés
Batting: RHB Tomás Estrada 0-0: Called Strike
0-1: SINGLE (Line Drive, 56D)
César García to third
Runner from 3rd tries for Home, SAFE, no throw
Batting: RHB Anastasio Villa 0-0: Called Strike
0-1: Ball
1-1: Ball
2-1: Ball
3-1: Called Strike
3-2: Base on Balls
Tomás Estrada to second
Batting: LHB Arturo Molina 0-0: Grounds into double play, 4-6-3 (Groundball, 4)
Top of the 5th over - 1 run, 1 hit, 0 errors, 1 left on base; Philadelphia 3 - New York 6
BOTTOM OF THE 5TH
New York Knights batting - Pitching for Philadelphia Athletics : RHP George Nelson
Batting: RHB Lonnie Anderson 0-0: Ball
1-0: Swinging Strike
1-1: DOUBLE (Line Drive, 7LM)
Batting: RHB Vic Langlois 0-0: Ball
1-0: 2-RUN HOME RUN (Flyball, 7LD), Distance : 440 ft
Pitching: LHP Dave Huot
Batting: LHB Warren Potter 0-0: Ball
1-0: Foul Ball, location: 2F
1-1: Ball
2-1: Ball
3-1: Called Strike
3-2: Ground out 6-3 (Groundball, 6)
Batting: SHB Marvin Harris 0-0: Ground out 6-3 (Groundball, 6)
Batting: RHB Felipe Rodríguez 0-0: Ball
1-0: Called Strike
1-1: Ball
2-1: Ball
3-1: Base on Balls
Batting: RHB Jacob Pope 0-0: Fly out, F5 (Popup, 56S)
Bottom of the 5th over - 2 runs, 2 hits, 0 errors, 1 left on base; Philadelphia 3 - New York 8
TOP OF THE 6TH
Philadelphia Athletics batting - Pitching for New York Knights : RHP Fernando Valdés
Batting: RHB Eric Neal 0-0: Ball
1-0: Foul Ball, location: 2F
1-1: Ball
2-1: Ground out 5-3 (Groundball, 25)
Batting: RHB Troy Lau 0-0: Ball
1-0: Ball
2-0: Ball
3-0: Called Strike
3-1: Called Strike
3-2: Strikes out swinging
Batting: SHB Héctor Padilla 0-0: Ball
1-0: Ball
2-0: Ball
3-0: Called Strike
3-1: Base on Balls
Batting: LHB Yasuhiko Onodera 0-0: Ball
1-0: Ball
2-0: Foul Ball, location: 2F
2-1: Swinging Strike
2-2: Fly out, F7 (Line Drive, 7)
Top of the 6th over - 0 runs, 0 hits, 0 errors, 1 left on base; Philadelphia 3 - New York 8
BOTTOM OF THE 6TH
New York Knights batting - Pitching for Philadelphia Athletics : LHP Dave Huot
Batting: LHB Keith Green 0-0: Ball
1-0: Ball
2-0: Foul Ball, location: 2F
2-1: Foul Ball, location: 2F
2-2: Foul Ball, location: 2F
2-2: Fly out, F3 (Line Drive, 3)
Batting: LHB Mike Harris 0-0: Called Strike
0-1: SINGLE (Groundball, 56) (infield hit)
Batting: RHB Pepe Carrasco 0-0: Ball
1-0: Called Strike
1-1: Swinging Strike
1-2: Ball
2-2: Ball
3-2: Base on Balls
Mike Harris to second
Batting: RHB Lonnie Anderson 0-0: Called Strike
0-1: Ball
1-1: Ball
2-1: Swinging Strike
2-2: Foul Ball, location: 2F
2-2: Grounds into double play, 3-6-1 (Groundball, 34)
Bottom of the 6th over - 0 runs, 1 hit, 0 errors, 1 left on base; Philadelphia 3 - New York 8
TOP OF THE 7TH
Philadelphia Athletics batting - Pitching for New York Knights : RHP Fernando Valdés
Batting: RHB César García 0-0: Called Strike
0-1: Foul Ball, location: 2F
0-2: Foul Ball, location: 2F
0-2: Ball
1-2: Ball
2-2: Ball
3-2: Strikes out looking
Batting: LHB Robinson Fernández 0-0: Ball
1-0: SINGLE (Groundball, 4MD)
Batting: RHB Tomás Estrada 0-0: Grounds into double play, 5-4-3 (Groundball, 56)
Top of the 7th over - 0 runs, 1 hit, 0 errors, 0 left on base; Philadelphia 3 - New York 8
BOTTOM OF THE 7TH
New York Knights batting - Pitching for Philadelphia Athletics : LHP Dave Huot
Batting: RHB Vic Langlois 0-0: Ball
1-0: Ball
2-0: Ball
3-0: Base on Balls
Batting: LHB Warren Potter 0-0: Called Strike
0-1: Grounds into double play, 6-4-3 (Groundball, 6)
Batting: SHB Marvin Harris 0-0: Called Strike
0-1: Ball
1-1: Called Strike
1-2: Strikes out swinging
Bottom of the 7th over - 0 runs, 0 hits, 0 errors, 0 left on base; Philadelphia 3 - New York 8
TOP OF THE 8TH
Philadelphia Athletics batting - Pitching for New York Knights : RHP Fernando Valdés
Batting: RHB Anastasio Villa 0-0: Ball
1-0: Called Strike
1-1: SOLO HOME RUN (Flyball, 7D), Distance : 376 ft
Batting: LHB Arturo Molina 0-0: Called Strike
0-1: Ball
1-1: Foul Ball, location: 2F
1-2: Foul Ball, location: 2F
1-2: Ball
2-2: Ground out 5-3 (Groundball, 5)
Batting: RHB Eric Neal 0-0: Swinging Strike
0-1: Ball
1-1: Ball
2-1: Ground out 6-3 (Groundball, 56)
Batting: RHB Troy Lau 0-0: Foul Ball, location: 2F
0-1: Ball
1-1: TRIPLE (Line Drive, 89XD)
Batting: SHB Héctor Padilla 0-0: Ball
1-0: Foul Ball, location: 2F
1-1: Swinging Strike
1-2: Ball
2-2: Ball
3-2: Base on Balls
Pitching: LHP Juan Ortíz
Batting: LHB Yasuhiko Onodera 0-0: Called Strike
0-1: Called Strike
0-2: Strikes out swinging
Top of the 8th over - 1 run, 2 hits, 0 errors, 2 left on base; Philadelphia 4 - New York 8
BOTTOM OF THE 8TH
New York Knights batting - Pitching for Philadelphia Athletics : LHP Dave Huot
Pitching: RHP Ernesto Beltrán
Batting: RHB Felipe Rodríguez 0-0: SINGLE (Groundball, 56D)
Batting: RHB Jacob Pope 0-0: Bunted foul
0-1: Sac Bunt - play at first, batter OUT! 1-4
Felipe Rodríguez to second
Batting: LHB Keith Green 0-0: Called Strike
0-1: Ball
1-1: Ball
2-1: Swinging Strike
2-2: Ground out U3 (Groundball, 3L)
Felipe Rodríguez to third
Batting: LHB Mike Harris 0-0: Called Strike
0-1: Ball
1-1: Ball
2-1: Ball
3-1: Base on Balls
Batting: RHB Pepe Carrasco 0-0: Swinging Strike
0-1: Ball
Wild Pitch!
Felipe Rodríguez scores
Mike Harris to second
1-1: Ball
2-1: Ball
3-1: Foul Ball, location: 2F
3-2: Base on Balls
Batting: RHB Lonnie Anderson 0-0: Swinging Strike
0-1: Called Strike
0-2: Strikes out looking
Bottom of the 8th over - 1 run, 1 hit, 0 errors, 2 left on base; Philadelphia 4 - New York 9
TOP OF THE 9TH
Philadelphia Athletics batting - Pitching for New York Knights : LHP Juan Ortíz
Batting: RHB César García 0-0: Ball
1-0: Foul Ball, location: 2F
1-1: Foul Ball, location: 2F
1-2: Strikes out swinging
Batting: LHB Robinson Fernández 0-0: Called Strike
0-1: Ball
1-1: Ground out 1-3 (Groundball, P)
Batting: RHB Tomás Estrada 0-0: Ground out 4-3 (Groundball, 4)
Top of the 9th over - 0 runs, 0 hits, 0 errors, 0 left on base; Philadelphia 4 - New York 9
Saturday, December 16th, 2017 - OOTP Baseball 18.8 Build 76